AoeStats
← Nougatspeier

Arabian Desert

509722864Analyzed
1v1 RM · 6d ago on Sep 27, 2026· 31m 33s· 2 players
Game mode
Random Map
Map size
Tiny (2 player)
Population
200
Speed
Normal
Resources
Standard
Victory
Conquest
Starting age
Dark Age
Ending age
Imperial Age
RankedLock teamsTeams togetherTeam positionsShared explorationLock speedFull tech treeHidden civsTurbo modeCheats
Victory
Defeat
🇩🇪 Huns · Germany
1060
+17
🇳🇴 Japanese · Norway
1086
-17
Nougatspeier
11:01 Feudal Age
9:29 Loom
20:15 Castle Age
19:58 Horse Collar
20:04 Double-Bit Axe
25:00 Bow Saw
25:24 Fletching
26:13 Wheelbarrow
26:04 Bodkin Arrow
27:27 Hand Cart
27:03 Town Watch
28:16 Padded Archer Armor
30:22 Town Patrol
32:13 Ballistics
34:29 Imperial Age
ola-
8:56 Feudal Age
8:37 Loom
8:59 Loom
9:27 Double-Bit Axe
15:24 Fletching
21:13 Padded Archer Armor
23:42 Castle Age
21:39 Horse Collar
21:45 Horse Collar
22:47 Forging
23:56 Scale Mail Armor
25:03 Wheelbarrow
24:19 Crossbowman
24:22 Pikeman
26:09 Bow Saw
26:50 Wheelbarrow
26:31 Heavy Plow
27:49 Gold Mining
28:22 Bodkin Arrow
29:02 Iron Casting
31:42 Thumb Ring
Connection lost

Rejoining the realm…

Still unreachable

The connection could not be restored.

Session expired

The server has moved on; the page needs a fresh start.